 Dungeon Crawl Stone Soup version 0.22-a0-603-gfc1114d (webtiles) character file.

51 Hebeh the Covered (level 3, -2/33 HPs)
             Began as a Minotaur Fighter on July 7, 2018.
             Slain by a gnoll
             ... wielding a +0 spear
              (6 damage)
             ... on level 2 of the Dungeon.
             The game lasted 00:02:12 (596 turns).

Hebeh the Covered (Minotaur Fighter)                 Turns: 596, Time: 00:02:13

Health: -2/33      AC:  6    Str: 21    XL:     3   Next: 57%
Magic:  2/2        EV:  7    Int:  5    God:
Gold:   94         SH:  9    Dex:  9    Spells: 2/2 levels left

rFire    . . .     SeeInvis .   a - +0 war axe
rCold    . . .     Gourm    .   c - +0 shield
rNeg     . . .     Faith    .   b - +0 scale mail
rPois    +         Spirit   .   (helmet restricted)
rElec    .         Reflect  .   (no cloak)
rCorr    .         Harm     .   (no gloves)
MR       .....                  (no boots)
Stlth    ..........             (no amulet)
HPRegen  0.11/turn              j - ring of poison resistance
MPRegen  0.08/turn              (no ring)

@: heavily drained
A: retaliatory headbutt, horns 2
a: no special abilities


You were on level 2 of the Dungeon.
You were not hungry.

You visited 1 branch of the dungeon, and saw 2 of its levels.

You collected 94 gold pieces.

Inventory:

Hand Weapons
 a - a +0 war axe (weapon)
Missiles
 k - 49 stones (quivered)
 q - 12 sling bullets
Armour
 b - a +0 scale mail (worn)
 c - a +0 shield (worn)
Jewellery
 i - a +3 ring of protection {unknown}
 j - a ring of poison resistance (left hand)
 o - a cursed +5 ring of strength {unknown}
Scrolls
 e - 2 scrolls of enchant weapon {unknown}
 g - a scroll of fog {unknown}
 n - a scroll of blinking {unknown}
 r - a scroll of immolation {unknown}
 s - a scroll of identify {unknown}
 t - a scroll of fear {unknown}
Potions
 d - a potion of might
 h - a potion of curing {unknown}
 l - a potion of flight {unknown}
 m - 2 potions of brilliance {unknown}
Comestibles
 f - 2 rations
 p - 4 chunks of flesh


   Skills:
 + Level 4.1(2.9) Fighting
 * Level 3.6(2.4) Axes
 + Level 4.1(2.9) Armour
 + Level 4.0(2.9) Shields


You had 2 spell levels left.
You didn't know any spells.
Your spell library was empty.

Dungeon Overview and Level Annotations

Branches:
Dungeon (2/15)

Altars:


Innate Abilities, Weirdness & Mutations

You reflexively headbutt those who attack you in melee.
You have a pair of horns on your head.


Message History

You slash the gnoll!
You kill the gnoll!
You block the gnoll's attack. The gnoll hits you with a spear.
You see here a club.
The gnoll hits you from afar with a spear.
* * * LOW HITPOINT WARNING * * *
The gnoll hits you with a spear.
* * * LOW HITPOINT WARNING * * *
You see here a club.
You barely miss the gnoll. Your headbutt misses the gnoll.
The gnoll hits you with a spear.
* * * LOW HITPOINT WARNING * * *
You block the gnoll's attack.
You completely miss the gnoll. The gnoll hits you with a spear.
* * * LOW HITPOINT WARNING * * *
Your shield and scale mail prevent you from hitting the gnoll.
Your headbutt misses the gnoll. You block the gnoll's attack.
The gnoll hits you with a spear.
You die...

####################.....##.#####
.................................
..........^....######.####.)#####
####................#.# #.......
###########..###.#.####..#####
##.##........... #..#...#####.###
##.#...# #.# #@#...# #.# ####
#g##.## ...# # #K.#.# ##.#.#
b#.#.# ..<..# . .#. ###### .. ..
.. #. ### ..


You could see a gnoll, a bat and a kobold.

Vanquished Creatures
  2 gnolls (D:2)
  2 dart slugs
  2 leopard geckos
  4 giant cockroaches
  3 goblins (D:1)
  2 hobgoblins (D:2)
  4 jackals (D:1)
  A ball python (D:2)
  A frilled lizard (D:2)
  3 rats (D:1)
24 creatures vanquished.

Notes
Turn   | Place    | Note
-------+----------+-------------------------------------------
     0 | D:1      | Hebeh the Minotaur Fighter began the quest for the Orb.
     0 | D:1      | Reached XP level 1. HP: 19/19 MP: 0/0
    99 | D:1      | Reached XP level 2. HP: 21/27 MP: 1/1
   529 | D:2      | Reached XP level 3. HP: 29/33 MP: 2/2
   596 | D:2      | Slain by a gnoll

Vault maps used:
D:1:      dpeg_arrival_lava_altar

Skill      XL: |  1  2  3 |
---------------+----------+-----
Axes           | 3 |  3.6
Armour         | 4 |  4.1
Fighting       | 4 |  4.1
Shields        | 4 |  4.0

Action                   || total
-------------------------++-------
Melee: War axe           ||    62
       Headbutt          ||    11
Armor: Scale mail        ||    32
Dodge: Dodged            ||    15
Block: Shield            ||    26

Table legend:
 A = Spawn XP
 B = Non-spawn XP
 C = Spawn XP percentage of total XP
 D = Spawn monster count
 E = Non-spawn monster count
 F = Spawn count percentage of total count
 G = Total turns spent on level
                    A         B        C        D         E        F      G
               +---------+---------+-------+---------+---------+-------+---------
         Total |       0 |      73 |   0.0 |       0 |      24 |   0.0 |   596
               +---------+---------+-------+---------+---------+-------+---------
           D:1 |       0 |      26 |   0.0 |       0 |      13 |   0.0 |   469
           D:2 |       0 |      47 |   0.0 |       0 |      11 |   0.0 |   127
               +---------+---------+-------+---------+---------+-------+---------
